 Dungeon Crawl Stone Soup version 0.27.0-1-g7a089689b8 (webtiles) character file.

Game seed: 15227238759245919025

2841 Malachi the Tainter (level 9, -4/51 HPs)
             Began as a Demonspawn Venom Mage on Aug 15, 2021.
             Was a Follower of Hepliaklqana.
             Shot with a sling bullet by Joseph (22 damage)
             ... on level 7 of the Dungeon.
             The game lasted 00:26:22 (14416 turns).

Malachi the Tainter (Demonspawn Venom Mage)        Turns: 14416, Time: 00:26:22

Health: -4/51      AC:  6    Str: 10    XL:     9   Next: 46%
Magic:  11/21      EV: 12    Int: 21    God:    Hepliaklqana [*.....]
Gold:   213        SH:  0    Dex: 13    Spells: 14/24 levels left

rFire    . . .     SeeInvis .   v - +4 quarterstaff "Ommemoa" {vorpal, rElec}
rCold    . . .     Faith    .   (shield currently unavailable)
rNeg     . . .     Spirit   .   a - +0 robe
rPois    .         Reflect  .   (helmet restricted)
rElec    +         Harm     .   m - +2 cloak
rCorr    .         Rampage  .   f - +0 pair of gloves
Will     .....                  (no boots)
Stlth    ++........             (no amulet)
HPRegen  0.17/turn              (no ring)
MPRegen  0.34/turn              (no ring)

@: radiating poison
A: reduced essence, hooves 2, magic regeneration, big brain 1, horns 1
a: Renounce Religion, Recall Ancestor, Ancestor Identity


You were on level 7 of the Dungeon.
You worshipped Hepliaklqana.
Hepliaklqana was aware of your devotion.
You visited 2 branches of the dungeon, and saw 8 of its levels.
You also visited: Sewer.

You collected 213 gold pieces.

Inventory:

Hand Weapons
 k - a +3 quarterstaff of chaos
 v - the +4 quarterstaff "Ommemoa" (weapon) {vorpal, rElec}
   (You found it on level 7 of the Dungeon)

   It inflicts extra damage upon your enemies.
   rElec:     It insulates you from electricity.
Missiles
 b - 2 throwing nets
Armour
 a - a +0 robe (worn)
 f - a +0 pair of gloves (worn)
 m - a +2 cloak (worn)
Wands
 g - a wand of polymorph (8)
 i - a wand of flame (26)
 r - a wand of iceblast (2)
Scrolls
 e - 3 scrolls of magic mapping
 h - a scroll of immolation
 j - 2 scrolls of enchant weapon
 n - a scroll of teleportation
 u - 2 scrolls of identify
Potions
 c - a potion of cancellation
 l - 2 potions of haste
 o - a potion of attraction {unknown}
 p - a potion of invisibility {unknown}
 q - 2 potions of curing
 s - a potion of berserk rage {unknown}
 t - a potion of might {unknown}


   Skills:
 + Level 4.0 Staves
 - Level 1.9 Dodging
 - Level 1.7 Stealth
 - Level 8.1 Spellcasting
 * Level 2.8 Hexes
 - Level 0.8 Transmutations
 - Level 1.1 Air Magic
 - Level 8.5 Poison Magic
 - Level 0.3 Evocations


You had 14 spell levels left.
You knew the following spells:

 Your Spells              Type           Power      Damage    Failure   Level
a - Sting                 Tmut/Pois      100%       1d8       1%          1
b - Poisonous Vapours     Pois/Air       56%        N/A       1%          2
c - Olgreb's Toxic Radia  Pois           44%        N/A       2%          4
d - Confusing Touch       Hex            20%        N/A       7%          3

Your spell library contained the following spells:

 Spells                   Type           Power      Damage    Failure   Level
 Slow                     Hex            20%        N/A       3%          2
 Ignite Poison            Fire/Tmut/Pois 21%        N/A       6%          3
 Mephitic Cloud           Conj/Pois/Air  22%        N/A       6%          3
 Yara's Violent Unravell  Hex/Tmut       8%         3d5       69%         5
 Bolt of Magma            Conj/Fire/Erth 4%         4d5       91%         5
 Fireball                 Conj/Fire      4%         3d4       91%         5
 Starburst                Conj/Fire      4%         8x6d3     100%        6
 Ignition                 Fire           4%         3d4       100%        8


Dungeon Overview and Level Annotations

Branches:
Dungeon (7/15)             Temple (1/1) D:6           Sewer (visited)

Altars:
Ashenzari
Cheibriados
Elyvilon
Fedhas
Gozag
Hepliaklqana
Makhleb
Okawaru
Qazlal
Ru
Sif Muna
Uskayaw
Vehumet
Wu Jian
Xom
Yredelemnul
The Shining One

Shops:
D:2 =   D:5 (

Annotations:
D:6 1 runed translucent door, exclusion: door, Leibowitz's ghost, novice MiFi
D:7 Joseph


Innate Abilities, Weirdness & Mutations

Your life essence is reduced to manifest your ancestor. (-10% HP)
You have hoof-like feet.
You regenerate magic rapidly.
You have an unusually large brain. (Int +2)
You have a pair of small horns on your head.


Message History

Something barely misses Huemac.
The gnoll hits you but does no damage.
Joseph unwields a +2 vorpal quarterstaff.
Joseph wields a +3 hunting sling.
Joseph shoots a sling bullet.
The sling bullet hits you!
* * * LOW HITPOINT WARNING * * *
The gnoll hits Huemac with a +1 vorpal flail!
Huemac is destroyed!
Okay, then.
You feel much better.
Joseph looks even sicker.
The orc warrior looks even sicker.
You kill the gnoll!
The gnoll looks even sicker.
Your toxic aura wanes.
Joseph shoots a sling bullet.
The sling bullet closely misses you.
You struggle against the net.
You struggle against the net.
The gnoll shouts!
You hear a shout!
Joseph shoots a sling bullet.
The sling bullet barely misses you.
You rip the net and break free!
An orc comes into view. It is wielding a +0 short sword.
The gnoll hits you with a +1 vorpal flail.
The orc warrior hits you with a +2 mace of protection!
* * * LOW HITPOINT WARNING * * *
You feel much better. The gnoll hits you but does no damage.
The gnoll hits you with a +1 vorpal flail.
The orc warrior hits you but does no damage.
Joseph shoots a sling bullet.
The sling bullet barely misses you.
Casting: Olgreb's Toxic Radiance (dangerous; 2% risk of failure)
Confirm with . or Enter, or press ? or * to list all spells.
You begin to radiate toxic energy.
Joseph looks even sicker.
The orc is poisoned.
You kill the gnoll!
The gnoll is poisoned.
The orc warrior looks even sicker.
The orc looks even sicker.
The gnoll hits you from afar with a +0 halberd!
The orc warrior hits you with a +2 mace of protection.
Your Staves skill increases to level 4!
The orc warrior looks as sick as possible!
Joseph shoots a sling bullet.
The sling bullet hits you!!
You die...

..... ..............).....#
...# #..................#
...##.............).....##
..)............###)o))..g..
###@...........##).#.).....
##..............g.###......
...............)<## ......
............@...o## .##)#.
.<..............@.# # ...
.....#..##....##.## ..
....##........ #.. #.#.#
....... .... #.... ......
..... ...... ... (.###.<
......# .< ... ......# ...
...


You could see Joseph (very poisoned), an orc warrior (extremely poisoned) and a
gnoll (poisoned).

Vanquished Creatures
  Pikel (D:5)
  Menkaure (D:6)
  Edmund (D:3)
  2 sky beasts (D:6)
  2 ogres
  A black bear (D:5)
  A centaur (D:7)
  2 lemures (D:5)
  2 bullfrogs (Sewer)
  Blork the orc (D:5)
  3 scorpions
  A water moccasin skeleton (D:6)
  5 wights
  An electric eel (D:6)
  A centaur zombie (D:5)
  3 jellies (D:6)
  Crazy Yiuf (D:3)
  2 orc priests
  A bullfrog skeleton (D:6)
  2 centaur skeletons
  4 orc wizards
  5 adders
  7 gnolls
  8 river rats (Sewer)
  2 ufetubi (D:5)
  An adder skeleton (D:4)
  3 dart slugs
  14 orcs
  6 endoplasms
  5 giant cockroaches
  7 goblins
  6 hobgoblins
  20 jackals
  3 quokkas
  25 ball pythons
  2 bats
  7 frilled lizards
  9 kobolds
  22 rats
190 creatures vanquished.

Vanquished Creatures (collateral kills)
  An ice beast (D:6)
  A gnoll sergeant (D:7)
  2 orc wizards
  A gnoll (D:7)
  An orc (D:7)
  A rat (Sewer)
7 creatures vanquished.

Vanquished Creatures (others)
  2 ancestors (D:7)
  A fungus (D:3)
  2 withered plants (D:6)
5 creatures vanquished.

Grand Total: 202 creatures vanquished

Notes
Turn   | Place    | Note
-------+----------+-------------------------------------------
     0 | D:1      | Malachi the Demonspawn Venom Mage began the quest for the
                  | Orb.
     0 | D:1      | Reached XP level 1. HP: 13/13 MP: 3/3
   283 | D:1      | Gained mutation: You have large cloven feet. [demonic
                  | ancestry]
   283 | D:1      | Reached XP level 2. HP: 6/19 MP: 1/5
   581 | D:1      | Learned a level 2 spell: Poisonous Vapours
  1034 | D:1      | Gained mutation: You have hoof-like feet. [demonic
                  | ancestry]
  1034 | D:1      | Reached XP level 3. HP: 24/24 MP: 4/6
  2956 | D:2      | Found Iqauwaudd's Jewellery Shoppe.
  3212 | D:2      | Reached skill level 1 in Air Magic
  3559 | D:2      | Gained mutation: You have an unusually large brain. (Int
                  | +2) [demonic ancestry]
  3559 | D:2      | Reached XP level 4. HP: 24/30 MP: 0/7
  4076 | D:3      | Found a runed translucent door.
  4077 | D:3      | Noticed Crazy Yiuf
  4155 | D:3      | Found a shimmering altar of Xom.
  4190 | D:3      | Found a hazy altar of Hepliaklqana.
  4241 | D:3      | Found an iron altar of Okawaru.
  4328 | D:3      | Found a glowing drain.
  4341 | Sewer    | Entered a sewer
  5367 | Sewer    | Reached XP level 5. HP: 8/35 MP: 2/9
  6344 | Sewer    | Reached skill level 5 in Poison Magic
  6466 | Sewer    | Reached XP level 6. HP: 36/41 MP: 1/12
  6585 | Sewer    | Gained mutation: You have a pair of small horns on your
                  | head. [potion of mutation]
  6796 | D:3      | Learned a level 4 spell: Olgreb's Toxic Radiance
  7616 | D:3      | Killed Crazy Yiuf
  7759 | D:4      | Noticed Edmund
  7786 | D:3      | Killed Edmund
  8068 | D:4      | Reached skill level 5 in Spellcasting
  8068 | D:4      | Gained mutation: You regenerate magic rapidly. [demonic
                  | ancestry]
  8068 | D:4      | Reached XP level 7. HP: 46/46 MP: 3/14
  9523 | D:5      | Entered Level 5 of the Dungeon
 10202 | D:5      | Noticed Blork the orc
 10241 | D:5      | Killed Blork the orc
 10321 | D:5      | Noticed Pikel
 10654 | D:5      | Killed Pikel
 10655 | D:5      | Reached XP level 8. HP: 52/52 MP: 7/18
 10718 | D:5      | Found Wuon's Weapon Shop.
 11241 | D:3      | Became a worshipper of Hepliaklqana the Forgotten
 11440 | D:6      | Found a shimmering blue altar of Sif Muna.
 11462 | D:6      | Found a runed translucent door.
 11462 | D:6      | Noticed Leibowitz's ghost (novice MiFi)
 11827 | D:6      | Found a basalt altar of Yredelemnul.
 12028 | D:6      | Noticed Menkaure
 12034 | D:6      | Killed Menkaure
 12035 | D:6      | Reached skill level 1 in Staves
 12265 | D:6      | Found a burning altar of Makhleb.
 12550 | D:6      | Reached XP level 9. HP: 21/55 MP: 15/20
 12818 | D:6      | Found a staircase to the Ecumenical Temple.
 12828 | Temple   | Entered the Ecumenical Temple
 13197 | D:6      | Learned a level 3 spell: Confusing Touch
 13439 | D:6      | Reached skill level 1 in Hexes
 13506 | D:6      | Reached * piety under Hepliaklqana
 14120 | D:7      | Identified the +4 quarterstaff "Ommemoa" {vorpal, rElec}
 14233 | D:7      | Noticed Joseph
 14416 | D:7      | Shot with a sling bullet by Joseph

Illustrated notes

Levels and vault maps discovered:
D:1:      ncdulo_lavacross, layout_basic, shapermc_ecumenical_altar_petra,
          chequers_serial_rivers_micro_a
D:2:      layout_loops_ring, serial_shops, shop
D:3:      layout_loops_corners, mainiacjoe_overflow_boulevard,
          kennysheep_okawaru_gauntlet, mainiacjoe_overflow_surrounded_room,
          portal_sewer_entry_f, uniq_crazy_yiuf_cottage
D:4:      layout_cave_pods, kennysheep_generic_room_6, uniq_edmund
D:5:      layout_basic, tso_altar, serial_shops, shop, st_stairs_14,
          uniq_blork_the_orc, uniq_pikel
D:6:      layout_basic, general_overflow_altar, lightli_temple_of_fire,
          led_sif_book, minmay_temple_entry_statues_fountains,
          gammafunk_ghost_grave, kennysheep_cross_bottleneck, uniq_menkaure
D:7:      layout_cave_pools, serial_shops, nicolae_shop_crystal, uniq_joseph
Temple:   eino_temple_lava

Skill      XL: |  1  2  3  4  5  6  7  8  9 |
---------------+----------------------------+-----
Poison Magic   | 4 5 6 7 8 |  8.5
Air Magic      | 1 |  1.1
Spellcasting   | 3 4 5 7 8 |  8.1
Staves         | 1 4 |  4.0
Hexes          | 2 |  2.8
Dodging        | |  1.9
Stealth        | |  1.7
Transmutations | |  0.8
Evocations     | |  0.3

Action                   |  1- 3 |  4- 6 |  7- 9 || total
-------------------------+-------+-------+-------++-------
Melee: Unarmed           |     7 |     4 |       ||    11
       Quarterstaff      |       |       |    65 ||    65
       Kick              |       |       |    14 ||    14
       Headbutt          |       |       |     6 ||     6
 Cast: Sting             |    65 |    83 |    53 ||   201
       Poisonous Vapours |    11 |    48 |    23 ||    82
       Olgreb's Toxic Ra |       |       |    29 ||    29
Evoke: Wand              |       |       |     4 ||     4
  Use: Scroll            |     2 |     8 |     4 ||    14
       Potion            |     1 |     7 |     5 ||    13
 Stab: Sleeping          |       |       |     1 ||     1
Armor: Robe              |    16 |    28 |    37 ||    81
       Skin              |     7 |       |       ||     7
Dodge: Dodged            |    72 |    83 |    78 ||   233
